ABL
CANBERRA RAIDERS @ ESSENDON KNIGHTS
08/30/2022
 
TOP OF THE 1ST
Canberra Raiders batting - Pitching for Essendon Knights : RHP Damien Sarkies
Pitching: RHP Damien Sarkies
Batting: RHB Jory Esplin 0-0: Ball
1-0: Fly out, F4 (Popup, 34, EV 63.1 MPH)
Batting: LHB Glen Hamlyn 0-0: Ball
1-0: Ball
2-0: Called Strike
2-1: Called Strike
2-2: Fly out, F8 (Flyball, 8RXD, EV 104.4 MPH)
Batting: RHB Tim Kennelly 0-0: Called Strike
0-1: Called Strike
0-2: Strikes out swinging
Top of the 1st over - 0 runs, 0 hits, 0 errors, 0 left on base; Canberra 0 - Essendon 0
BOTTOM OF THE 1ST
Essendon Knights batting - Pitching for Canberra Raiders : RHP Frank Marris
Pitching: RHP Frank Marris
Batting: LHB Geoff Sandow 0-0: Ball
1-0: Foul Ball, location: 2F
1-1: Ground out U3 (Groundball, 3, EV 95.0 MPH)
Batting: SHB Claud Gard 0-0: Called Strike
0-1: Foul Ball, location: 2F
0-2: Foul Ball, location: 5F
0-2: Ball
1-2: Strikes out swinging
Batting: LHB Tristan Starling 0-0: Ball
1-0: Ball
2-0: Called Strike
2-1: Swinging Strike
2-2: Ball
3-2: Foul Ball, location: 3DF
3-2: Strikes out looking
Bottom of the 1st over - 0 runs, 0 hits, 0 errors, 0 left on base; Canberra 0 - Essendon 0
TOP OF THE 2ND
Canberra Raiders batting - Pitching for Essendon Knights : RHP Damien Sarkies
Batting: LHB Ken Pym 0-0: Ball
1-0: Foul Ball, location: 2F
1-1: Ball
2-1: Foul Ball, location: 2F
2-2: Strikes out swinging
Batting: SHB Matt Melsome 0-0: Ground out 6-3 (Groundball, 6M, EV 81.3 MPH)
Batting: RHB Brad Windus 0-0: Ball
1-0: Ball
2-0: Foul Ball, location: 2F
2-1: Fly out, F9 (Flyball, 9D, EV 74.4 MPH)
Top of the 2nd over - 0 runs, 0 hits, 0 errors, 0 left on base; Canberra 0 - Essendon 0
BOTTOM OF THE 2ND
Essendon Knights batting - Pitching for Canberra Raiders : RHP Frank Marris
Batting: RHB Chase Binns 0-0: Called Strike
0-1: Fly out, F7 (Flyball, 7S, EV 92.5 MPH)
Batting: LHB Ben Honeyfield 0-0: Foul Ball, location: 23F
0-1: Ball
1-1: Ball
2-1: Foul Ball, location: 7LMF
2-2: Ground out 6-3 (Groundball, 6, EV 90.0 MPH)
Batting: RHB Garrick Grendon 0-0: Fly out, F8 (Flyball, 8RXD, EV 101.3 MPH)
Bottom of the 2nd over - 0 runs, 0 hits, 0 errors, 0 left on base; Canberra 0 - Essendon 0
TOP OF THE 3RD
Canberra Raiders batting - Pitching for Essendon Knights : RHP Damien Sarkies
Batting: LHB Trent Tombs 0-0: Foul Ball, location: 3F
0-1: Ball
1-1: SOLO HOME RUN (Flyball, 7D, EV 96.3 MPH), Distance : 369 ft
Batting: LHB Frank Marris 0-0: Ground out 4-3 (Groundball, 4, EV 85.6 MPH)
Batting: LHB Walt Rogers 0-0: Ball
1-0: Ball
2-0: Called Strike
2-1: Fly out, F9 (Flyball, 9D, EV 93.1 MPH)
Batting: RHB Jory Esplin 0-0: Ball
1-0: Foul Ball, location: 2F
1-1: DOUBLE (Line Drive, 7LD, EV 99.4 MPH)
Batting: LHB Glen Hamlyn 0-0: Ball
1-0: Called Strike
1-1: Called Strike
1-2: Ball
2-2: Ball
3-2: Fly out, F8 (Flyball, 8LM, EV 83.1 MPH)
Top of the 3rd over - 1 run, 2 hits, 0 errors, 1 left on base; Canberra 1 - Essendon 0
BOTTOM OF THE 3RD
Essendon Knights batting - Pitching for Canberra Raiders : RHP Frank Marris
Batting: RHB Jefferson Scoley 0-0: Swinging Strike
0-1: Foul Ball, location: 2F
0-2: Ball
1-2: Ball
2-2: Strikes out swinging
Batting: RHB Damien Sarkies 0-0: Ball
1-0: Called Strike
1-1: Fly out, F7 (Flyball, 7, EV 92.5 MPH)
Batting: RHB Brad Rogerson 0-0: Ball
1-0: Ball
2-0: Ball
3-0: Base on Balls
Batting: LHB Geoff Sandow 0-0: Called Strike
0-1: SINGLE (Line Drive, 89S, EV 95.0 MPH)
Brad Rogerson to second
Runner from 2nd tries for 3rd, SAFE, throw by RF made to third
Batting: SHB Claud Gard 0-0: Ball
1-0: Called Strike
1-1: Ball
2-1: Swinging Strike
2-2: Ball
3-2: Ground out 2-3 (Groundball, 2L, EV 67.5 MPH)
Bottom of the 3rd over - 0 runs, 1 hit, 0 errors, 2 left on base; Canberra 1 - Essendon 0
TOP OF THE 4TH
Canberra Raiders batting - Pitching for Essendon Knights : RHP Damien Sarkies
Batting: RHB Tim Kennelly 0-0: Called Strike
0-1: Ball
1-1: SINGLE (Groundball, 4S, EV 66.3 MPH) (infield hit)
Batting: LHB Ken Pym 0-0: Fly out, F3 (Popup, 3SF, EV 71.3 MPH)
Batting: SHB Matt Melsome 0-0: Called Strike
0-1: Ball
1-1: Fly out, F8 (Flyball, 8RD, EV 93.8 MPH)
Batting: RHB Brad Windus 0-0: Ball
1-0: Ball
2-0: Ball
3-0: Called Strike
3-1: Foul Ball, location: 2F
3-2: Strikes out swinging
Top of the 4th over - 0 runs, 1 hit, 0 errors, 1 left on base; Canberra 1 - Essendon 0
BOTTOM OF THE 4TH
Essendon Knights batting - Pitching for Canberra Raiders : RHP Frank Marris
Batting: LHB Tristan Starling 0-0: Called Strike
0-1: SOLO HOME RUN (Flyball, 9D, EV 99.4 MPH), Distance : 395 ft
Batting: RHB Chase Binns 0-0: Foul Ball, location: 5F
0-1: Foul Ball, location: 23F
0-2: Ball
1-2: Ball
2-2: Ball
3-2: Strikes out looking
Batting: LHB Ben Honeyfield 0-0: Called Strike
0-1: Ball
1-1: Swinging Strike
1-2: Foul Ball, location: 23F
1-2: Ball
2-2: Fly out, F9 (Flyball, 9S, EV 92.5 MPH)
Batting: RHB Garrick Grendon 0-0: Called Strike
0-1: Called Strike
0-2: Foul Ball, location: 2F
0-2: Ball
1-2: Ground out 5-3 (Groundball, 56, EV 103.8 MPH)
Bottom of the 4th over - 1 run, 1 hit, 0 errors, 0 left on base; Canberra 1 - Essendon 1
TOP OF THE 5TH
Canberra Raiders batting - Pitching for Essendon Knights : RHP Damien Sarkies
Batting: LHB Trent Tombs 0-0: Ball
1-0: Fly out, F7 (Flyball, 78S, EV 88.1 MPH)
Batting: LHB Frank Marris 0-0: Called Strike
0-1: Ball
1-1: Ball
2-1: Fly out, F7 (Flyball, 7, EV 78.8 MPH)
Batting: LHB Walt Rogers 0-0: Ball
1-0: Ball
2-0: Called Strike
2-1: DOUBLE (Groundball, 3L, EV 104.4 MPH)
Batting: RHB Jory Esplin 0-0: Ball
1-0: Ball
2-0: Foul Ball, location: 9LSF
2-1: Called Strike
2-2: Foul Ball, location: 2F
2-2: Strikes out swinging
Top of the 5th over - 0 runs, 1 hit, 0 errors, 1 left on base; Canberra 1 - Essendon 1
BOTTOM OF THE 5TH
Essendon Knights batting - Pitching for Canberra Raiders : RHP Frank Marris
Batting: RHB Jefferson Scoley 0-0: Ball
1-0: Called Strike
1-1: Swinging Strike
1-2: SINGLE (Groundball, 34D, EV 100.0 MPH)
Batting: RHB Damien Sarkies 0-0: Sac Bunt to 2L - play at first, batter OUT! 2-3
Jefferson Scoley to second
Batting: RHB Brad Rogerson 0-0: Foul Ball, location: 2F
0-1: Foul Ball, location: 2F
0-2: Foul Ball, location: 5F
0-2: Ball
1-2: Foul Ball, location: 3DF
1-2: DOUBLE (Line Drive, 7LS, EV 102.5 MPH)
Jefferson Scoley scores
Batting: LHB Geoff Sandow 0-0: Called Strike
0-1: Ball
1-1: Foul Ball, location: 2F
1-2: Foul Ball, location: 2F
1-2: Fly out, F8 (Line Drive, 8LM, EV 96.9 MPH)
Batting: SHB Claud Gard 0-0: Foul Ball, location: 3FF
0-1: Ball
1-1: Called Strike
1-2: Ball
2-2: Foul Ball, location: 3F
2-2: Ground out 4-3 (Groundball, 4, EV 108.8 MPH)
Bottom of the 5th over - 1 run, 2 hits, 0 errors, 1 left on base; Canberra 1 - Essendon 2
TOP OF THE 6TH
Canberra Raiders batting - Pitching for Essendon Knights : RHP Damien Sarkies
Batting: LHB Glen Hamlyn 0-0: Called Strike
0-1: Ball
1-1: Ball
2-1: Swinging Strike
2-2: SINGLE (Groundball, 4MD, EV 106.9 MPH)
Batting: RHB Tim Kennelly 0-0: Ball
1-0: Fly out, F4 (Popup, 3DF, EV 73.8 MPH)
Batting: LHB Ken Pym 0-0: Ball
1-0: Ball
2-0: SINGLE (Groundball, 23, EV 65.0 MPH) (infield hit)
Glen Hamlyn to second
Batting: SHB Matt Melsome 0-0: Ball
1-0: Foul Ball, location: 2F
1-1: Fly out, F9 (Flyball, 9, EV 75.6 MPH)
Batting: RHB Brad Windus 0-0: Ball
1-0: Foul Ball, location: 2F
1-1: Ball
2-1: Called Strike
2-2: Ball
3-2: Base on Balls
Glen Hamlyn to third
Ken Pym to second
Batting: LHB Trent Tombs 0-0: Swinging Strike
0-1: Hit by Pitch
Glen Hamlyn scores
Ken Pym to third
Brad Windus to second
Batting: LHB Frank Marris 0-0: Called Strike
0-1: Ball
1-1: Foul Ball, location: 7LDF
1-2: Strikes out swinging
Top of the 6th over - 1 run, 2 hits, 0 errors, 3 left on base; Canberra 2 - Essendon 2
BOTTOM OF THE 6TH
Essendon Knights batting - Pitching for Canberra Raiders : RHP Frank Marris
Batting: LHB Tristan Starling 0-0: Ball
1-0: Called Strike
1-1: Foul Ball, location: 7LDF
1-2: Ball
2-2: Foul Ball, location: 2F
2-2: Foul Ball, location: 2F
2-2: Ball
3-2: Ground out 6-3 (Groundball, 6, EV 104.4 MPH)
Batting: RHB Chase Binns 0-0: Swinging Strike
0-1: Ball
1-1: Swinging Strike
1-2: Strikes out looking
Batting: LHB Ben Honeyfield 0-0: Swinging Strike
0-1: Ground out 4-3 (Groundball, 4, EV 77.5 MPH)
Bottom of the 6th over - 0 runs, 0 hits, 0 errors, 0 left on base; Canberra 2 - Essendon 2
TOP OF THE 7TH
Canberra Raiders batting - Pitching for Essendon Knights : RHP Damien Sarkies
Batting: LHB Walt Rogers 0-0: SINGLE (Line Drive, 89M, EV 90.0 MPH)
Batting: RHB Jory Esplin 0-0: Called Strike
0-1: Ball
Walt Rogers steals 2nd base
1-1: Fly out, F7 (Flyball, 7, EV 90.6 MPH)
Batting: LHB Glen Hamlyn 0-0: Foul Ball, location: 7LMF
0-1: Foul Ball, location: 2F
0-2: Ball
1-2: Ball
2-2: Foul Ball, location: 2F
2-2: DOUBLE (Line Drive, 7LM, EV 108.8 MPH)
Walt Rogers scores
Pitching: RHP Collin Wilday
Batting: RHB Tim Kennelly 0-0: Ball
1-0: Foul Ball, location: 2F
1-1: Ball
2-1: Foul Ball, location: 3SF
2-2: Strikes out swinging
Pitching: LHP Kean Glasspool
Batting: LHB Ken Pym 0-0: Ball
1-0: Called Strike
1-1: Foul Ball, location: 7LDF
1-2: Fly out, F8 (Flyball, 89S, EV 96.9 MPH)
Top of the 7th over - 1 run, 2 hits, 0 errors, 1 left on base; Canberra 3 - Essendon 2
BOTTOM OF THE 7TH
Essendon Knights batting - Pitching for Canberra Raiders : RHP Frank Marris
Batting: RHB Garrick Grendon 0-0: Ball
1-0: Ball
2-0: Ball
3-0: Base on Balls
Pitching: RHP Link Dagger
Batting: RHB Jefferson Scoley 0-0: SINGLE (Groundball, 34D, EV 100.0 MPH)
Garrick Grendon to second
Runner from 2nd tries for 3rd, SAFE, throw by RF made to third
Pinch Hitting: RHB Leroy Sirett 0-0: Ball
1-0: Ball
2-0: Called Strike
2-1: Swinging Strike
2-2: Foul Ball, location: 2F
2-2: Strikes out looking
Batting: RHB Brad Rogerson 0-0: Ball
1-0: Foul Ball, location: 5F
1-1: Foul Ball, location: 2F
1-2: Foul Ball, location: 7LMF
1-2: Foul Ball, location: 9LDF
1-2: Ball
2-2: SINGLE (Flyball, 9S, EV 91.3 MPH)
Garrick Grendon scores
Jefferson Scoley to second
Batting: LHB Geoff Sandow 0-0: Ball
1-0: Fly out, F8 (Flyball, 8RS, EV 93.8 MPH)
Batting: SHB Claud Gard 0-0: Ball
1-0: Ball
2-0: Reached on error, E6 (Groundball, 6, EV 83.8 MPH)
Jefferson Scoley to third
Brad Rogerson to second
Batting: LHB Tristan Starling 0-0: Fly out, F7 (Line Drive, 8LM, EV 98.8 MPH)
Bottom of the 7th over - 1 run, 2 hits, 1 error, 3 left on base; Canberra 3 - Essendon 3
TOP OF THE 8TH
Canberra Raiders batting - Pitching for Essendon Knights : LHP Kean Glasspool
Pitching: RHP Phil Coupland
Batting: SHB Matt Melsome 0-0: Ball
1-0: Ball
2-0: Called Strike
2-1: Ground out 4-3 (Groundball, 4M, EV 103.8 MPH)
Batting: RHB Brad Windus 0-0: Ball
1-0: Called Strike
1-1: Foul Ball, location: 3F
1-2: Fly out, F9 (Flyball, 9LM, EV 95.0 MPH)
Batting: LHB Trent Tombs 0-0: Ball
1-0: Called Strike
1-1: Ball
2-1: Swinging Strike
2-2: SINGLE (Groundball, 6MS, EV 66.9 MPH) (infield hit)
Pinch Hitting: RHB Orval Cash 0-0: Ball
1-0: DOUBLE (Line Drive, 89D, EV 97.5 MPH)
Trent Tombs to third
Runner from 3rd tries for Home, SAFE, throw by RF to trailing runner, SAFE at third!
Batting: LHB Walt Rogers 0-0: Ball
1-0: Swinging Strike
1-1: Ball
2-1: Ground out 1-3 (Groundball, 34S, EV 68.1 MPH)
Top of the 8th over - 1 run, 2 hits, 0 errors, 1 left on base; Canberra 4 - Essendon 3
BOTTOM OF THE 8TH
Essendon Knights batting - Pitching for Canberra Raiders : RHP Link Dagger
Pitching: RHP Matthew Popplewell
Batting: RHB Chase Binns 0-0: Called Strike
0-1: Called Strike
0-2: Ground out 6-3 (Groundball, 6, EV 81.9 MPH)
Batting: LHB Ben Honeyfield 0-0: Ball
1-0: Ball
2-0: Ball
3-0: Base on Balls
Batting: RHB Garrick Grendon 0-0: Ball
1-0: Swinging Strike
1-1: Fly out, F7 (Line Drive, 7S, EV 99.4 MPH)
Batting: RHB Jefferson Scoley 0-0: DOUBLE (Line Drive, 8RXD, EV 107.5 MPH)
Ben Honeyfield to third
Pinch Hitting: RHB Ziggy Williams 0-0: Foul Ball, location: 2F
0-1: DOUBLE (Line Drive, 9LS, EV 93.1 MPH)
Ben Honeyfield scores
Jefferson Scoley scores
Batting: RHB Brad Rogerson 0-0: Ball
1-0: Swinging Strike
1-1: Foul Ball, location: 2F
1-2: Ball
2-2: Strikes out looking
Bottom of the 8th over - 2 runs, 2 hits, 0 errors, 1 left on base; Canberra 4 - Essendon 5
TOP OF THE 9TH
Canberra Raiders batting - Pitching for Essendon Knights : RHP Phil Coupland
Pitching: RHP Isidoro Bassis
Now at 2B: Chase Binns
Now at 3B: Mark Fairthorne
Batting: RHB Jory Esplin 0-0: Called Strike
0-1: Ball
1-1: Ball
2-1: Fly out, F8 (Flyball, 8LM, EV 85.0 MPH)
Batting: LHB Glen Hamlyn 0-0: Called Strike
0-1: Ball
1-1: Ball
2-1: SINGLE (Line Drive, 34, EV 95.6 MPH)
Batting: RHB Tim Kennelly 0-0: Called Strike
0-1: Called Strike
0-2: Foul Ball, location: 5F
0-2: Foul Ball, location: 3DF
0-2: Ball
1-2: Ball
2-2: Ball
3-2: Foul Ball, location: 3F
3-2: Foul Ball, location: 9LSF
3-2: Foul Ball, location: 23F
3-2: Base on Balls
Glen Hamlyn to second
Batting: LHB Ken Pym 0-0: Ground out 5-3 (Groundball, 56, EV 66.3 MPH)
Glen Hamlyn to third
Tim Kennelly to second
Pitching: RHP Doug Shuker
Batting: SHB Matt Melsome 0-0: Ball
1-0: SINGLE (Groundball, 56S, EV 70.0 MPH) (infield hit)
Glen Hamlyn scores
Tim Kennelly to third
Pinch Hitting: LHB Darrien Simmons 0-0: Called Strike
0-1: Ball
1-1: Ball
2-1: Foul Ball, location: 7LMF
2-2: Ground out 4-3 (Groundball, 4D, EV 105.6 MPH)
Top of the 9th over - 1 run, 2 hits, 0 errors, 2 left on base; Canberra 5 - Essendon 5
BOTTOM OF THE 9TH
Essendon Knights batting - Pitching for Canberra Raiders : RHP Matthew Popplewell
Now at C: Herb Pethick
Batting: LHB Geoff Sandow 0-0: Swinging Strike
0-1: Ball
1-1: Swinging Strike
1-2: Foul Ball, location: 9LSF
1-2: Fly out, F9 (Flyball, 9S, EV 86.9 MPH)
Batting: SHB Claud Gard 0-0: Called Strike
0-1: Ground out U3 (Groundball, 3, EV 83.8 MPH)
Batting: LHB Tristan Starling 0-0: Ball
1-0: Called Strike
1-1: Foul Ball, location: 2F
1-2: Ball
2-2: Fly out, F7 (Line Drive, 7LM, EV 87.5 MPH)
Bottom of the 9th over - 0 runs, 0 hits, 0 errors, 0 left on base; Canberra 5 - Essendon 5
TOP OF THE 10TH
Canberra Raiders batting - Pitching for Essendon Knights : RHP Doug Shuker
Batting: LHB Trent Tombs 0-0: Ball
1-0: Ball
2-0: Foul Ball, location: 7LMF
2-1: Ball
3-1: Called Strike
3-2: Strikes out swinging
Pinch Hitting: RHB Xavier Millington 0-0: SINGLE (Line Drive, 7S, EV 85.6 MPH)
Batting: LHB Walt Rogers 0-0: Ball
1-0: Ball
2-0: Swinging Strike
2-1: Ball
3-1: SINGLE (Line Drive, 34, EV 96.9 MPH)
Xavier Millington to second
Batting: RHB Jory Esplin 0-0: Fielders Choice at 2nd, 1-6 (Groundball, 23, EV 76.9 MPH)
Xavier Millington to third
Batting: LHB Glen Hamlyn 0-0: Ball
1-0: Ball
2-0: Foul Ball, location: 9LMF
2-1: Swinging Strike
2-2: Foul Ball, location: 3F
2-2: Ground out 4-3 (Groundball, 4S, EV 85.6 MPH)
Top of the 10th over - 0 runs, 2 hits, 0 errors, 2 left on base; Canberra 5 - Essendon 5
BOTTOM OF THE 10TH
Essendon Knights batting - Pitching for Canberra Raiders : RHP Matthew Popplewell
Pitching: RHP Ozzie Rawle
Batting: RHB Chase Binns 0-0: SINGLE (Line Drive, 6M, EV 96.9 MPH)
Batting: LHB Ben Honeyfield 0-0: Foul Ball, location: 7LDF
0-1: Swinging Strike
0-2: Ball
1-2: Ball
2-2: Strikes out swinging
Batting: RHB Mark Fairthorne 0-0: Ball
1-0: Called Strike
1-1: Ball
2-1: Ball
3-1: Sac Bunt to 3S - play at first, batter OUT! 3-1
Chase Binns to second
Batting: RHB Jefferson Scoley 0-0: Ball
1-0: Called Strike
1-1: Swinging Strike
1-2: Strikes out swinging
Bottom of the 10th over - 0 runs, 1 hit, 0 errors, 1 left on base; Canberra 5 - Essendon 5
TOP OF THE 11TH
Canberra Raiders batting - Pitching for Essendon Knights : RHP Doug Shuker
Batting: RHB Tim Kennelly 0-0: Ball
1-0: Ball
2-0: Called Strike
2-1: DOUBLE (Flyball, 89XD, EV 108.8 MPH)
Batting: LHB Ken Pym 0-0: SINGLE (Groundball, 5D, EV 95.0 MPH)
Tim Kennelly to third
Batting: SHB Matt Melsome 0-0: Foul Ball, location: 2F
0-1: Called Strike
0-2: Ball
1-2: Fly out, F9 (Flyball, 89D, EV 93.1 MPH)
Batting: RHB Herb Pethick 0-0: Ball
1-0: Ball
2-0: Called Strike
2-1: Called Strike
2-2: Foul Ball, location: 25F
2-2: Foul Ball, location: 2F
2-2: Ball
3-2: Foul Ball, location: 7LMF
3-2: SINGLE (Groundball, 6MD, EV 97.5 MPH)
Tim Kennelly scores
Ken Pym to second
Batting: LHB Trent Tombs 0-0: Fielders Choice at 2nd, 5-4 (Groundball, 6, EV 85.0 MPH)
Ken Pym to third
Batting: RHB Ozzie Rawle 0-0: Ball
1-0: Ball
2-0: Called Strike
2-1: Ball
3-1: Foul Ball, location: 9LDF
3-2: Ground out 6-3 (Groundball, 56, EV 102.5 MPH)
Top of the 11th over - 1 run, 3 hits, 0 errors, 2 left on base; Canberra 6 - Essendon 5
BOTTOM OF THE 11TH
Essendon Knights batting - Pitching for Canberra Raiders : RHP Ozzie Rawle
Pinch Hitting: RHB Alex Barria 0-0: Ball
1-0: Swinging Strike
1-1: Ground out 4-3 (Groundball, 34S, EV 85.0 MPH)
Batting: RHB Brad Rogerson 0-0: Foul Ball, location: 2F
0-1: Ball
1-1: Ball
2-1: Fly out, F8 (Flyball, 8LM, EV 85.6 MPH)
Batting: LHB Geoff Sandow 0-0: Called Strike
0-1: Swinging Strike
0-2: Ground out 4-3 (Groundball, 34D, EV 110.6 MPH)
Bottom of the 11th over - 0 runs, 0 hits, 0 errors, 0 left on base; Canberra 6 - Essendon 5
Sunday, May 5th , 2024 - OOTP Baseball 24.9 Build 80